 Dungeon Crawl Stone Soup version 0.16.0-11-gd45b091 (console) character file.

113 gw the Insei (level 4, 0/38 HPs)
             Began as a Demigod Monk on Mar 17, 2015.
             Killed from afar by gw's ghost (1 damage)
             ... with a magic dart
             ... on level 3 of the Dungeon.
             The game lasted 00:01:51 (2235 turns).

gw the Insei (Demigod Monk)                         Turns: 2235, Time: 00:01:51

Health: 0/38       AC: 13    Str: 14    XL:     4   Next: 39%
Magic:  7/7        EV:  3    Int: 14    God:
Gold:   56         SH:  0    Dex: 20    Spells: 0 memorised, 3 levels left

rFire  . . .     SeeInvis +       - Unarmed
rCold  . . .     Clarity  .     f - +0 plate armour
rNeg   . . .     SustAb   +     (no shield)
rPois  +         Gourm    .     h - +1 helmet {SInv}
rElec  .         Spirit   .     i - +0 cloak
rCorr  .         Warding  .     (no gloves)
rMut   .         Stasis   .     (no boots)
MR     .....                    (no amulet)
Stlth  ..........               e - -2 ring of evasion (curse)
                                d - ring of poison resistance

@: not resistant to hostile enchantments, extremely unstealthy
A: sustain abilities
a: no special abilities


You were on level 3 of the Dungeon.
You were hungry.

You visited 1 branch of the dungeon, and saw 3 of its levels.

You collected 56 gold pieces.

Inventory:

Missiles
 c - 25 stones
 g - 2 tomahawks (quivered)
Armour
 f - a +0 plate armour (worn)
 h - a +1 helmet of see invisible (worn)
 i - a +0 cloak (worn)
Jewellery
 d - a ring of poison resistance (left hand)
 e - a cursed -2 ring of evasion (right hand)
Scrolls
 j - 2 scrolls of identify
Comestibles
 a - a meat ration
 b - 2 bread rations


   Skills:
 + Level 3.0 Fighting
 + Level 1.6 Throwing
 + Level 1.5 Armour
 - Level 2.6 Dodging
 - Level 1.7 Stealth
 * Level 4.5 Unarmed Combat


You had 3 spell levels left.
You didn't know any spells.

Dungeon Overview and Level Annotations

Branches:
Dungeon (3/15)

Annotations:
D:3 Jessica; Terence; gw's ghost, average DECj


Innate Abilities, Weirdness & Mutations

Your attributes are resistant to harm.


Message History

The kobold hits you but does no damage. Gw's ghost hits you.
The orc hits you but does no damage. Terence hits you with a flail.
The orc hits you but does no damage.
The orc priest hits you but does no damage.
Unknown command.
Unknown command.
Unknown command.
Unknown command.
ATTACK MOVE TO (-1,-1)
You hit gw's ghost!
Gw's ghost is almost destroyed.
The bat hits you but does no damage.
Jessica casts a spell.
Jessica blinks!
Gw's ghost hits you. The kobold hits you but does no damage.
The orc hits you but does no damage. Terence hits you but does no damage.
The orc hits you but does no damage.
The orc priest hits you but does no damage.
Gw's ghost casts a spell at you. The magic dart hits you!
You die...

.... ... . #.......
.... #. #........ .....
#..#........ .....
..#..#........# #....
##........... #....
....<...... . #.####.
#....WK@## #.# #......
#...¤op..# #.#########.
#....oo#b###.#.%.......
#......#..##.#.).......
#...@..##.##.#.........
#......##..#.#.........
.####..###.#.#.........
[........%.'.........
########..#.........
........>####'#####


You could see Terence, an orc priest, gw's ghost, Jessica, 2 orcs, a bat and a
kobold.

Table legend:
 A = Turns spent in this place as a percentage of turns spent in the entire game.
 B = Non-inter-level travel turns spent in this place as a percentage of non-inter-level travel turns spent in the entire game.
 C = Inter-level travel turns spent in this place as a percentage of turns spent in this place.
 D = Turns resting spent in this place as a percentage of non-inter-level travel turns spent in this place.
 E = Turns spent auto-exploring this place as a percentage of non-inter-level travel turns spent in this place.
 F = Non-inter-level travel turns spent in this place divided by the number of levels of this place that you've seen.
                   A       B       C       D       E      F
               +-------+-------+-------+-------+-------+----------------------
         Total | 100.0 | 100.0 |   0.3 |   0.6 |   2.5 | 1154.3
       Dungeon | 100.0 | 100.0 |   0.3 |   0.6 |   2.5 | 1154.3
               +-------+-------+-------+-------+-------+----------------------

Table legend:
 A = Kills in this place as a percentage of kills in entire the game.
 B = Kills by you in this place as a percentage of kills by you in the entire game.
 C = Kills by friends in this place as a percentage of kills by friends in the entire game.
 D = Other kills in this place as a percentage of other kills in the entire game.
 E = Experience gained in this place as a percentage of experience gained in the entire game.
 F = Experience gained in this place divided by the number of levels of this place that you have seen.
                   A       B       C       D       E      F
               +-------+-------+-------+-------+-------+----------------------
         Total | 100.0 | 100.0 |  -nan |  -nan | 100.0 |  54.0
       Dungeon | 100.0 | 100.0 |  -nan |  -nan | 100.0 |  54.0
               +-------+-------+-------+-------+-------+----------------------

Vanquished Creatures
  Robin (D:2)
  4 adders
  A giant mite (D:1)
  A worm (D:2)
  2 orcs (D:3)
  2 giant cockroaches
  7 goblins
  7 hobgoblins
  4 jackals (D:2)
  8 kobolds
  An ooze (D:1)
  A ball python (D:3)
  6 bats
  4 giant newts
  3 rats (D:2)
52 creatures vanquished.

Notes
Turn   | Place    | Note
--------------------------------------------------------------
     0 | D:1      | gw, the Demigod Monk, began the quest for the Orb.
     0 | D:1      | Reached XP level 1. HP: 18/18 MP: 2/2
   433 | D:1      | Reached XP level 2. HP: 25/25 MP: 3/3
   615 | D:1      | Reached skill level 1 in Armour
   705 | D:1      | Reached skill level 4 in Unarmed Combat
   816 | D:2      | Noticed Robin
   825 | D:2      | Killed Robin
   825 | D:2      | Reached XP level 3. HP: 21/30 MP: 5/5
  1233 | D:2      | Reached skill level 1 in Throwing
  1418 | D:2      | Found an opulent altar of Gozag.
  1489 | D:2      | Reached XP level 4. HP: 38/38 MP: 7/7
  2217 | D:3      | Noticed Jessica
  2219 | D:3      | Noticed gw's ghost (average DECj)
  2224 | D:3      | Noticed Terence
  2235 | D:3      | HP: 1/38 [gw's ghost (2)]
  2235 | D:3      | Killed from afar by gw's ghost

Action                   |  1- 3 |  4- 6 || total
-------------------------+-------+-------++-------
Melee: Unarmed           |    64 |    43 ||   107
Throw: Tomahawk          |    34 |     9 ||    43
       Stone             |    25 |     7 ||    32
  Use: Scroll            |     3 |     3 ||     6
       Potion            |     1 |     2 ||     3
  Eat: Chunk             |     2 |     2 ||     4

Vault maps used:
D:1:      tarquinn_simple_flora_water_f
D:2:      lemuel_doored_altar, uniq_robin
D:3:      nicolae_overflow_crystal_walls, zin_purify, yredelemnul_altar_generic,
          first_bread, uniq_jessica, uniq_terence
